 Seeded DCSS version 0.30.0-16-gbe6223bb7e (webtiles) character file.

Game seed: 12735965570273765983 (custom seed)

553 Pimp the Grave Robber (level 7, 0/44 HPs)
             Began as a Tengu Monk on May 20, 2023.
             Was a Believer of Sif Muna.
             Slain by a hound (4 damage)
             ... on level 5 of the Dungeon.
             The game lasted 00:06:56 (3706 turns).

Pimp the Grave Robber (Tengu Monk)                  Turns: 3706, Time: 00:06:57

Health: 0/44       AC:  4    Str: 11      XL:     7   Next: 29%
Magic:  8/8        EV: 16    Int: 15      God:    Sif Muna [**....]
Gold:   227        SH:  0    Dex: 15 (16) Spells: 6/6 levels left

rFire   . . .        e - staff of death "Ukaaxust" {rN+ Int+2 Stlth+}
rCold   . . .        d - orb {light}
rNeg    + . .        b - +0 robe
rPois   .            (helmet restricted)
rElec   +            (no cloak)
rCorr   .            k - +1 pair of gloves
SInv    .            (boots unavailable)
Will    .....        h - amulet "Koluij" {Fly rElec Regen+}
Stlth   +            (no ring)
HPRegen 1.07/turn    (no ring)
MPRegen 0.11/turn

%: no passive effects
@: flying quickly and evasively, hasted, glowing, very quick
A: beak, talons 3, nimble flight
a: Renounce Religion, Channel Magic


You were on level 5 of the Dungeon.
You worshipped Sif Muna.
Sif Muna was pleased with you.
You visited 2 branches of the dungeon, and saw 7 of its levels.

You collected 227 gold pieces.

Inventory:

Hand Weapons
 a - a +0 mace
Armour
 b - a +0 robe (worn)
 d - an orb of light (worn)
 k - a +1 pair of gloves (worn)
Magical Staves
 e - the staff of death "Ukaaxust" (weapon) {rN+ Int+2 Stlth+}
   (You acquired it on level 1 of the Dungeon)

   [staff of death]

   Base accuracy: +5 Base damage: 5 Base attack delay: 1.2 This weapon's minimum
   attack delay (0.6) is reached at skill level 12.
   Int:       It affects your intelligence (+2).
   rN:        It protects you from negative energy.
   Stlth:     It makes you more stealthy.
   It falls into the 'Staves' category.
   It is a one-handed weapon.
 t - a staff of conjuration
Jewellery
 c - a ring of positive energy
 h - the amulet "Koluij" (around neck) {Fly rElec Regen+}
   (You acquired it on level 1 of the Dungeon)

   [amulet of regeneration]

   rElec:     It insulates you from electricity.
   Fly:       It grants you flight.
   Regen:     It increases your rate of health regeneration.
Wands
 u - a wand of iceblast (2) (quivered)
Scrolls
 f - a scroll of brand weapon {unknown}
 g - 2 scrolls of immolation {unknown}
 l - 2 scrolls of vulnerability {unknown}
 m - a scroll of teleportation {unknown}
 n - 2 scrolls of blinking {unknown}
 o - a scroll of noise {unknown}
 p - 2 scrolls of enchant armour {unknown}
 q - a scroll of enchant weapon {unknown}
 r - a scroll of fear {unknown}
 v - 2 scrolls of identify
 w - a scroll of silence {unknown}
 y - a scroll of poison {unknown}
Potions
 i - 2 potions of curing {unknown}
 j - a potion of mutation {unknown}
 x - a potion of berserk rage {unknown}
 z - a potion of lignification {unknown}
 A - a potion of brilliance {unknown}


   Skills:
 + Level 4.4 Fighting
 - Level 3.2(4.0) Maces & Flails
 + Level 3.4(4.1) Staves
 + Level 4.9 Dodging
 * Level 5.0 Necromancy


You had 6 spell levels left.
You didn't know any spells.
Your spell library contained the following spells:

 Spells                   Type           Power      Damage    Failure   Level
 Summon Small Mammal      Summ           0%         N/A       26%         1
 Lesser Beckoning         Tloc           0%         N/A       38%         2
 Call Canine Familiar     Summ           0%         N/A       63%         3
 Gell's Gravitas          Tloc           0%         N/A       63%         3
 Summon Guardian Golem    Hex/Summ       0%         N/A       63%         3
 Teleport Other           Tloc           0%         N/A       63%         3


Dungeon Overview and Level Annotations

Branches:
Dungeon (6/15)             Temple (1/1) D:5

Altars:
Dithmenos
Fedhas
Hepliaklqana
Qazlal
Ru
Sif Muna
Uskayaw
Vehumet
Wu Jian
Xom
Yredelemnul

Annotations:
D:5 2 transporters, BleedingAnus's ghost, novice MiMo; Eustachio


Innate Abilities, Weirdness & Mutations

You have a beak for a mouth.
You have claws for feet.
Your magical nature lets you fly swiftly and evasively.


Message History

Eustachio mumbles some strange words.
You closely miss the hound. You claw the hound, but do no damage.
The quasit disappears in a puff of smoke!
The bat misses you. The hound bites you. The bat hits you but does no damage.
The hound closely misses you.
You closely miss the hound. You claw the hound. Your peck misses the hound.
The hound is moderately wounded.
The bat hits you. The hound misses you.
Eustachio screams, "At last I'll have my revenge!"
The bat barely misses you. The hound barely misses you.
The ufetubus barely misses you. The ufetubus hits you. Eustachio misses you.
You completely miss Eustachio. You claw Eustachio, but do no damage.
Eustachio is heavily wounded.
The hound bites you but does no damage. The bat closely misses you.
The ufetubus hits you. The ufetubus closely misses you.
The hound barely misses you. Eustachio barely misses you.
You hit Eustachio.
Eustachio writhes in agony.
You claw Eustachio.
Eustachio is severely wounded.
The bat misses you. The ufetubus hits you. The ufetubus misses you.
The bat closely misses you. The shadow imp gestures at you.
Pain shoots through your body! The hound bites you.
Eustachio hits you but does no damage.
You barely miss Eustachio. Your peck misses Eustachio.
Eustachio is severely wounded.
The hound bites you.
* * * LOW HITPOINT WARNING * * *
The bat hits you but does no damage. The shadow imp closely misses you.
The hound closely misses you. Eustachio hits you with a +0 rapier.
* * * LOW HITPOINT WARNING * * *
You feel yourself speed up. The bat hits you but does no damage.
The white imp gestures at you. The puff of frost misses you.
The shadow imp barely misses you. The hound closely misses you.
Eustachio hits you with a +0 rapier.
* * * LOW HITPOINT WARNING * * *
You hit Eustachio but do no damage.
Eustachio writhes in agony.
You claw Eustachio, but do no damage.
Eustachio is almost dead.
The bat barely misses you. The hound bites you.
You die...

#.#.#...########..##..#©..#)# #.
#.#.##..## #..#.#...#.# #.
#.#.##...#### #..#.#...#.# #.
#.#.##.#>...# ..##..#.....# #.
#.#.##.#....## ©.....#.....# #.
#.#..#.#.....# ######...#.####.
#.##.#.#.....#####......#.#......
#.##.#.#.....##..@...#.##.#######
..##.........##h@55#.#.##........
#'###..........b.5.#.#.##########
....#........[#....#)#...........
#'#.##.######>[....#...##########
#>#.'..# ##########.# ###.#..#
#####.###### ....#..#
#..........# #+###..######
#..........# ............#
#..........#


You could see Eustachio, a hound, a white imp (summoned), a shadow imp
(summoned), an ufetubus (summoned) and a bat.

Vanquished Creatures
  A phantom (D:5)
  A scorpion (D:5)
  An orc priest (D:5)
  2 hounds (D:5)
  A gnoll bouda (D:5)
  A sleepcap (D:5)
  Jessica (D:3)
  Terence (D:2)
  4 adders
  8 gnolls
  2 worms
  A dart slug (D:3)
  16 orcs
  8 ball pythons
  2 bats
  4 endoplasms
  2 giant cockroaches
  8 goblins
  6 hobgoblins
  7 jackals
  6 kobolds
  7 quokkas
  4 frilled lizards
  5 rats
99 creatures vanquished.

Notes
Turn   | Place    | Note
-------+----------+-------------------------------------------
     0 | D:1      | Pimp the Tengu Monk began the quest for the Orb.
     0 | D:1      | Reached XP level 1. HP: 14/14 MP: 2/2
    38 | D:1      | Identified 2 scrolls of acquirement
    38 | D:1      | Acquired the amulet "Koluij" {Fly rElec Regen+}
    39 | D:1      | Acquired the staff of death "Ukaaxust" {rN+ Int+2 Stlth+}
    82 | D:1      | Reached XP level 2. HP: 19/19 MP: 3/3
    84 | D:1      | Reached skill level 1 in Necromancy
   279 | D:1      | Reached skill level 1 in Staves
   376 | D:1      | Reached XP level 3. HP: 23/23 MP: 4/4
   753 | D:2      | Reached skill level 2 in Necromancy
   918 | D:2      | Reached XP level 4. HP: 27/28 MP: 5/5
  1091 | D:2      | Found a stormy altar of Qazlal.
  1103 | D:2      | Noticed Terence
  1141 | D:2      | Killed Terence
  1484 | D:3      | Noticed Jessica
  1496 | D:3      | Killed Jessica
  1497 | D:3      | Reached skill level 3 in Necromancy
  1497 | D:3      | Gained mutation: Your magical nature lets you fly swiftly
                  | and evasively. [Tengu growth]
  1497 | D:3      | Reached XP level 5. HP: 30/32 MP: 6/6
  2165 | D:4      | Found a shadowy altar of Dithmenos.
  2188 | D:4      | Found a blossoming altar of Fedhas.
  2197 | D:4      | Found a hazy altar of Hepliaklqana.
  2257 | D:4      | Found a radiant altar of Vehumet.
  2492 | D:4      | Found a basalt altar of Yredelemnul.
  2659 | D:5      | Entered Level 5 of the Dungeon
  2732 | D:5      | Reached XP level 6. HP: 27/38 MP: 7/7
  2787 | D:5      | Found an ornate altar of the Wu Jian Council.
  2824 | D:5      | Found a hide-covered altar of Uskayaw.
  2888 | D:4      | Reached skill level 4 in Necromancy
  3034 | D:5      | Identified the +2 scimitar of Qeapla {drain, Drain rF++
                  | Str+3 Stlth+}
  3089 | D:5      | Found a transporter.
  3090 | D:5      | Noticed BleedingAnus's ghost (novice MiMo)
  3090 | D:5      | Identified the +6 great mace "Zabrocita" {flame, rPois rF-
                  | Str+3}
  3149 | D:5      | Reached XP level 7. HP: 43/43 MP: 8/8
  3196 | D:5      | Found a transporter.
  3299 | D:5      | Found a staircase to the Ecumenical Temple.
  3489 | Temple   | Entered the Ecumenical Temple
  3510 | Temple   | Became a worshipper of Sif Muna the Loreminder
  3510 | Temple   | Reached * piety under Sif Muna
  3510 | Temple   | Reached ** piety under Sif Muna
  3645 | D:6      | Noticed Eustachio
  3687 | D:5      | Reached skill level 5 in Necromancy
  3706 | D:5      | Slain by a hound

Illustrated notes

Levels and vault maps discovered:
D:1:      dpeg_arrival_long_road, layout_loops_cross, hex_tiny
D:2:      minmay_evil_eye, layout_basic, basic_altar, minmay_ruptured,
          uniq_terence
D:3:      layout_loops_ring, minmay_surrounded, uniq_jessica
D:4:      layout_cave_pools, mainiacjoe_overflow_brackets,
          mainiacjoe_overflow_24_doors, mainiacjoe_overflow_catwalk, minitemple
D:5:      layout_basic, eat_drink_and_be_merry_uskayaw, kennysheep_little_box,
          minmay_temple_entry_glassed_door, gammafunk_ghost_smash, minivault_25
D:6:      old_forge, layout_loops_corners, uniq_edmund, uniq_eustachio
Temple:   jpeg_temple_clearing

Skill      XL: |  1  2  3  4  5  6  7 |
---------------+----------------------+-----
Necromancy     | 1 2 3 4 5 |  5.0
Staves         | 1 2 3 |  3.4
Dodging        | 4 |  4.9
Fighting       | 4 |  4.4
Maces & Flails | |  3.2

Action                     |  1- 3 |  4- 6 |  7- 9 || total
---------------------------+-------+-------+-------++-------
  Melee: Staff             |    90 |   166 |    45 ||   301
         Kick              |    33 |    63 |    26 ||   122
         Peck              |     9 |    34 |    11 ||    54
  Evoke: Wand              |       |     6 |       ||     6
    Use: Scroll            |     2 |     1 |       ||     3
         Potion            |       |     4 |     1 ||     5
   Stab: Sleeping          |       |     2 |       ||     2
 Armour: Robe              |    20 |    24 |    22 ||    66
  Dodge: Dodged            |    69 |   132 |    98 ||   299
